 Dungeon Crawl Stone Soup version bcrawl-1.18.1 (webtiles) character file.

Game seed: 8551673891741163939

807 Morbidden the Ruffian (level 7, -3/66 HPs)
             Began as a Troll Transmuter on Nov 7, 2019.
             Was a Follower of Sif Muna.
             Slain by an orc warrior
             ... wielding a +0 dire flail of crushing
              (7 damage)
             ... on level 6 of the Dungeon.
             The game lasted 00:06:45 (4362 turns).

Morbidden the Ruffian (Troll Transmuter)            Turns: 4362, Time: 00:06:46

Health: -3/66      AC:  2    Str: 21      XL:     7   Next: 60%
Magic:  8/10       EV: 20    Int: 10      God:    Sif Muna [*.....]
Gold:   345        SH:  0    Dex: 14 (15) Spells: 6/12 levels left

rFire    . . .     SeeInvis .     - Unarmed
rCold    + . .     Gourm    +   (shield currently unavailable)
rNeg     . . .     Faith    +   (armour unavailable)
rPois    x         Spirit   .   (helmet currently unavailable)
rElec    .         Reflect  .   (cloak currently unavailable)
rCorr    .         Harm     .   (gloves unavailable)
MR       .....                  (boots unavailable)
Stlth    ++........             q - amulet of faith
HPRegen  0.61/turn              i - ring of protection from cold
MPRegen  0.12/turn              (no ring)

@: spider-form (expiring)
A: tiny, almost no armour, unfitting armour, fast metabolism 3, gourmand,
regeneration 1, AC +7
a: End Transformation, Divine Energy, Renounce Religion


You were on level 6 of the Dungeon.
You worshipped Sif Muna.
Sif Muna was aware of your devotion.
You were full.
You were a venomous arachnid creature.
You visited 1 branch of the dungeon, and saw 6 of its levels.

You collected 345 gold pieces.

Inventory:

Missiles
 a - 515 arrows
Jewellery
 i - a ring of protection from cold (left front leg)
 q - an amulet of faith (around neck)
 v - a +5 ring of dexterity {unknown}
Wands
 m - a wand of flame (24)
 o - a wand of iceblast (11)
 u - a wand of clouds (3)
Scrolls
 b - 3 scrolls of teleportation {unknown}
 e - 4 scrolls of identify {unknown}
 g - 3 scrolls of remove curse
 k - 2 scrolls of enchant armour {unknown}
 l - a scroll of amnesia {unknown}
 p - a scroll of fear {unknown}
 r - a scroll of immolation {unknown}
Potions
 c - 2 potions of lignification
 f - a potion of mutation {unknown}
 h - 2 potions of curing {unknown}
 j - a potion of cancellation {unknown}
 n - a potion of haste
 s - a potion of magic {unknown}
 t - a potion of berserk rage {unknown}
Comestibles
 d - 8 rations {!d}


   Skills:
 * Level 2.7 Fighting
 + Level 2.5 Dodging
 + Level 0.8 Stealth
 + Level 5.5 Unarmed Combat
 * Level 3.0 Spellcasting
 * Level 2.4 Transmutations
 * Level 2.4 Poison Magic


You had 6 spell levels left.
You knew the following spells:

 Your Spells              Type           Power        Failure   Level  Hunger
a - Beastly Appendage     Tmut           #.....       26%         1    #......
b - Sticks to Snakes      Tmut           #.......     34%         2    ###....
c - Spider Form           Tmut/Pois      #..          52%         3    ###....

Your spell library contained the following spells:

 Spells                   Type           Power        Failure   Level  Hunger
 Apportation              Tloc           #.....       50%         1    #......
 Blink Other              Tloc           #.....       50%         1    #......
 Beckoning                Tloc           #.........   82%         3    ###....
 Stone Arrow              Conj/Erth      #.....       82%         3    ###....
 Ice Form                 Ice/Tmut       #.......     95%         4    #####..
 Force Lance              Tloc           #.......     99%         4    #####..
 Blade Hands              Tmut           #.........   99%         5    ######.


Dungeon Overview and Level Annotations

Branches:
Dungeon (6/12)
 Temple: D:4-7

Altars:
Elyvilon
Gozag
Sif Muna


Innate Abilities, Weirdness & Mutations

You cannot wear most types of armour.
((Your thick skin is tough. (AC +7)))
You are too large for most types of armour.
((You have claws for hands.))
Your metabolism is lightning-fast.
You like to eat raw meat.
Your natural rate of healing is unusually fast.


Message History

The orc warrior is lightly wounded.
The orc warrior hits you with a +0 dire flail of crushing!
A centaur comes into view.
You hit the orc warrior but do no damage.
The orc warrior looks as sick as possible!
The orc warrior is lightly wounded.
The quasit barely misses you. The quasit misses you. The quasit claws you.
The orc warrior misses you.
Unknown command.
The quasit misses you. x2; The quasit completely misses you.
You see here a +0 scale mail.
You bite the orc warrior!
The orc warrior looks as sick as possible!
The orc warrior is almost dead.
The quasit bites you. The quasit claws you.
You feel clumsy. The quasit completely misses you.
The orc warrior hits you with a +0 dire flail of crushing!!
* * * LOW HITPOINT WARNING * * *
You die...

...# ##..## ..## ##..##
..# ## ##..## .##
##.####..## .#
##...####..## .#
##.....####..## # ##
#.......####..## #.. #
##./../5...###..##
##...# #
#.....cos...###..##...#
####
####.#####..####....#
...## .. #...####.###
....# #. #....##..#
....# #. ##.....#.##
....## # #........#
.....# #.......##
.....# #.....#.#
.....## #.....#..#


You could see an orc warrior, a centaur and a quasit.

Vanquished Creatures
  Duvessa (D:4)
  An ice beast (D:5)
  A phantom (D:6)
  Dowan (D:4)
  2 crimson imps
  A hound (D:5)
  An orc priest (D:5)
  2 orc wizards
  A centaur skeleton (D:4)
  2 iguanas
  Ijyb (D:4)
  3 gnolls (D:3)
  6 adders
  2 worms (D:3)
  A dart slug (D:3)
  7 leopard geckos
  12 orcs
  10 bats
  2 giant cockroaches (D:1)
  5 goblins
  9 hobgoblins
  8 jackals
  4 kobolds
  5 quokkas
  A ball python (D:2)
  3 frilled lizards
  10 rats
102 creatures vanquished.

Notes
Turn   | Place    | Note
-------+----------+-------------------------------------------
     0 | D:1      | Morbidden the Troll Transmuter began the quest for the Orb.
     0 | D:1      | Reached XP level 1. HP: 18/18 MP: 2/2
   126 | D:1      | Reached skill level 1 in Fighting
   131 | D:1      | Reached XP level 2. HP: 22/27 MP: 3/3
   394 | D:1      | Reached XP level 3. HP: 32/33 MP: 4/4
   976 | D:2      | Found a white marble altar of Elyvilon.
  1556 | D:2      | Reached skill level 4 in Unarmed Combat
  1602 | D:2      | Gained mutation: Your natural rate of healing is unusually
                  | fast. [Troll growth]
  1602 | D:2      | Reached XP level 4. HP: 41/41 MP: 5/5
  1758 | D:2      | Found a shimmering blue altar of Sif Muna.
  1766 | D:2      | Became a worshipper of Sif Muna the Loreminder
  1891 | D:3      | Learned a level 2 spell: Sticks to Snakes
  1895 | D:3      | Learned a level 3 spell: Spider Form
  2451 | D:3      | Reached XP level 5. HP: 48/49 MP: 5/7
  2486 | D:3      | Reached * piety under Sif Muna
  2486 | D:3      | Reached skill level 1 in Poison Magic
  2819 | D:4      | Noticed Ijyb
  2890 | D:4      | Identified Sif Muna's Guide on Spatial Earth (Sif Muna
                  | gifted it to you on level 4 of the Dungeon)
  2890 | D:4      | Received a gift from Sif Muna
  2942 | D:4      | Killed Ijyb
  3066 | D:4      | Noticed Dowan
  3069 | D:4      | Noticed Duvessa
  3079 | D:4      | Killed Dowan
  3079 | D:4      | Reached XP level 6. HP: 45/57 MP: 5/8
  3112 | D:4      | Killed Duvessa
  3258 | D:4      | Found an opulent altar of Gozag.
  3308 | D:4      | Reached skill level 5 in Unarmed Combat
  3461 | D:5      | Entered Level 5 of the Dungeon
  3557 | D:5      | Reached XP level 7. HP: 37/66 MP: 5/10
  4362 | D:6      | Slain by an orc warrior

Skill      XL: |  1  2  3  4  5  6  7 |
---------------+----------------------+-----
Fighting       | 1 2 |  2.7
Unarmed Combat | 4 5 |  5.5
Spellcasting   | 2 3 |  3.0
Dodging        | 2 |  2.5
Poison Magic   | 1 2 |  2.4
Transmutations | 2 |  2.4
Stealth        | |  0.8

Action                   |  1- 3 |  4- 6 |  7- 9 || total
-------------------------+-------+-------+-------++-------
Melee: Unarmed           |   114 |   151 |    45 ||   310
       Headbutt          |       |     3 |       ||     3
       Punch             |       |     4 |       ||     4
       Kick              |       |     3 |     2 ||     5
 Cast: Beastly Appendage |       |     8 |     3 ||    11
       Spider Form       |       |     2 |     2 ||     4
  Use: Scroll            |       |     1 |       ||     1
       Potion            |       |     1 |       ||     1
 Stab: Sleeping          |     2 |       |       ||     2
  Eat: Chunk             |    15 |    11 |     3 ||    29
Armor: Skin              |    44 |    57 |    12 ||   113
Dodge: Dodged            |    54 |    97 |    28 ||   179
